| TOP OF THE 1ST |
|
Clemson University Tigers batting - Pitching for Washington State University Cougars : RHP Bayani Blanco
|
|
Pitching: RHP Bayani Blanco
|
|
|
Batting: RHB Josh LeSage
|
0-0: Called Strike 0-1: SINGLE (Line Drive, 8RS, EV 91.2 MPH)
|
|
Batting: LHB Jayden Pelayo
|
0-0: Ball 1-0: Swinging Strike 1-1: Called Strike 1-2: Foul Ball, location: 2F 1-2: Foul Ball, location: 2F 1-2: Foul Ball, location: 2F 1-2: Foul Ball, location: 2F 1-2: Ball 2-2: Fly out, F9 (Flyball, 9D, EV 82.5 MPH)
|
|
Batting: RHB Chris Prinzing
|
0-0: Ball 1-0: Ball 2-0: Ball 3-0: Base on Balls Josh LeSage to second
|
|
Batting: RHB Neal Perucci
|
0-0: Called Strike 0-1: Called Strike 0-2: Ball 1-2: Ball 2-2: Fly out, F7 (Flyball, 7D, EV 102.5 MPH)
|
|
Batting: RHB Jason Duncan
|
0-0: Ball 1-0: Called Strike 1-1: Foul Ball, location: 2F 1-2: Ball 2-2: Ball 3-2: SINGLE (Groundball, 6MD, EV 100.6 MPH) Josh LeSage to third Chris Prinzing to second Josh LeSage scores Chris Prinzing to third
|
|
Batting: RHB Omar Garce
|
0-0: Foul Ball, location: 2F 0-1: Called Strike 0-2: Ball 1-2: Ball 2-2: Foul Ball, location: 2F 2-2: Foul Ball, location: 2F 2-2: Ball 3-2: Foul Ball, location: 2F 3-2: SINGLE (Line Drive, 78M, EV 108.1 MPH) Chris Prinzing scores Jason Duncan to second Jason Duncan to third
|
|
Batting: LHB John Rumbolt
|
0-0: Ball 1-0: Ground out U3 (Groundball, 3L, EV 88.8 MPH)
|
| Top of the 1st over - 2 runs, 3 hits, 0 errors, 2 left on base; Clemson University 2 - Washington State University 0 |
| BOTTOM OF THE 1ST |
|
Washington State University Cougars batting - Pitching for Clemson University Tigers : RHP Luis Yanez
|
|
Pitching: RHP Luis Yanez
|
|
|
Batting: LHB Randolph Brodbeck
|
0-0: Ball 1-0: Called Strike 1-1: Ground out 4-3 (Groundball, 4, EV 88.1 MPH)
|
|
Batting: RHB Rich Griffith
|
0-0: Ball 1-0: Foul Ball, location: 2F 1-1: SOLO HOME RUN (Line Drive, 7LD, EV 95.6 MPH), Distance : 363 ft
|
|
Batting: RHB Jon Chatman
|
0-0: Ball 1-0: Called Strike 1-1: Foul Ball, location: 2F 1-2: Ball 2-2: Foul Ball, location: 2F 2-2: SINGLE (Flyball, 8LS, EV 92.5 MPH)
|
|
Batting: RHB Miguel Pacheco
|
0-0: Ball 1-0: SINGLE (Groundball, 6MD, EV 94.4 MPH) Jon Chatman to second Runner from 2nd tries for 3rd, SAFE, throw by CF made to third
|
|
Batting: RHB Noe Oliva
|
0-0: Called Strike 0-1: Ball 1-1: Called Strike 1-2: Foul Ball, location: 2F 1-2: Ball 2-2: Fly out, F8 (Flyball, 8RM, EV 78.8 MPH) Runner from 3rd tags up, SCORES, throw by CF
|
|
Batting: RHB Wilson Salgado
|
0-0: Called Strike 0-1: Fly out, F8 (Flyball, 8RD, EV 93.1 MPH)
|
| Bottom of the 1st over - 2 runs, 3 hits, 0 errors, 1 left on base; Clemson University 2 - Washington State University 2 |
| TOP OF THE 2ND |
|
Clemson University Tigers batting - Pitching for Washington State University Cougars : RHP Bayani Blanco
|
|
Batting: RHB Donovan Deason
|
0-0: Swinging Strike 0-1: Called Strike 0-2: Strikes out swinging
|
|
Batting: RHB Ryan Thurston
|
0-0: Ball 1-0: Foul Ball, location: 2F 1-1: Ball 2-1: Swinging Strike 2-2: Ball 3-2: Foul Ball, location: 2F 3-2: Ground out 5-3 (Groundball, 56S, EV 84.4 MPH)
|
|
Batting: RHB Josh LeSage
|
0-0: SINGLE (Line Drive, 34D, EV 98.8 MPH)
|
|
Batting: LHB Jayden Pelayo
|
0-0: Ball 1-0: Ball 2-0: Fly out, F7 (Flyball, 7, EV 77.5 MPH)
|
| Top of the 2nd over - 0 runs, 1 hit, 0 errors, 1 left on base; Clemson University 2 - Washington State University 2 |
| BOTTOM OF THE 2ND |
|
Washington State University Cougars batting - Pitching for Clemson University Tigers : RHP Luis Yanez
|
|
Batting: RHB Camillo Bonauiti
|
0-0: Ball 1-0: Ball 2-0: Foul Ball, location: 2F 2-1: Foul Ball, location: 2F 2-2: Ball 3-2: Strikes out swinging
|
|
Batting: RHB Luis Mendoza
|
0-0: Swinging Strike 0-1: Ball 1-1: Foul Ball, location: 2F 1-2: Foul Ball, location: 2F 1-2: Strikes out swinging
|
|
Batting: SHB Cedric Sweep
|
0-0: Foul Ball, location: 2F 0-1: Bunt for hit to 25 - play at first, batter safe!
|
|
Batting: LHB Randolph Brodbeck
|
0-0: Called Strike 0-1: Called Strike 0-2: Ball 1-2: Foul Ball, location: 2F 1-2: Foul Ball, location: 2F 1-2: Ball 2-2: Ball 3-2: Ground out 6-3 (Groundball, 6M, EV 81.9 MPH)
|
| Bottom of the 2nd over - 0 runs, 1 hit, 0 errors, 1 left on base; Clemson University 2 - Washington State University 2 |
| TOP OF THE 3RD |
|
Clemson University Tigers batting - Pitching for Washington State University Cougars : RHP Bayani Blanco
|
|
Batting: RHB Chris Prinzing
|
0-0: Foul Ball, location: 2F 0-1: Swinging Strike 0-2: Ball 1-2: Strikes out swinging
|
|
Batting: RHB Neal Perucci
|
0-0: Foul Ball, location: 2F 0-1: Ball 1-1: Ball 2-1: Called Strike 2-2: Ball 3-2: Fly out, F9 (Line Drive, 89D, EV 94.4 MPH)
|
|
Batting: RHB Jason Duncan
|
0-0: Ball 1-0: Foul Ball, location: 2F 1-1: Ball 2-1: Ball 3-1: Base on Balls
|
|
Batting: RHB Omar Garce
|
0-0: Called Strike 0-1: Ball Wild Pitch! Jason Duncan to second 1-1: Called Strike 1-2: Strikes out swinging
|
| Top of the 3rd over - 0 runs, 0 hits, 0 errors, 1 left on base; Clemson University 2 - Washington State University 2 |
| BOTTOM OF THE 3RD |
|
Washington State University Cougars batting - Pitching for Clemson University Tigers : RHP Luis Yanez
|
|
Batting: RHB Rich Griffith
|
0-0: Ball 1-0: Ball 2-0: Fly out, F2 (Popup, 2LF, EV 86.2 MPH)
|
|
Batting: RHB Jon Chatman
|
0-0: Ball 1-0: Fly out, F7 (Flyball, 7LM, EV 83.1 MPH)
|
|
Batting: RHB Miguel Pacheco
|
0-0: Called Strike 0-1: Ball 1-1: SINGLE (Flyball, 89S, EV 91.2 MPH)
|
|
Batting: RHB Noe Oliva
|
0-0: Called Strike 0-1: 2-RUN HOME RUN (Flyball, 7LD, EV 93.1 MPH), Distance : 351 ft
|
|
Batting: RHB Wilson Salgado
|
0-0: Ball 1-0: Ground out 1-5-3 (Groundball, 15S, EV 101.9 MPH)
|
| Bottom of the 3rd over - 2 runs, 2 hits, 0 errors, 0 left on base; Clemson University 2 - Washington State University 4 |
| TOP OF THE 4TH |
|
Clemson University Tigers batting - Pitching for Washington State University Cougars : RHP Bayani Blanco
|
|
Batting: LHB John Rumbolt
|
0-0: Swinging Strike 0-1: Ground out 3-1 (Groundball, 34, EV 101.9 MPH)
|
|
Batting: RHB Donovan Deason
|
0-0: Foul Ball, location: 2F 0-1: Foul Ball, location: 2F 0-2: Ball 1-2: Ball 2-2: Fly out, F7 (Flyball, 7LS, EV 95.0 MPH)
|
|
Batting: RHB Ryan Thurston
|
0-0: Fly out, F8 (Line Drive, 8LS, EV 90.0 MPH)
|
| Top of the 4th over - 0 runs, 0 hits, 0 errors, 0 left on base; Clemson University 2 - Washington State University 4 |
| BOTTOM OF THE 4TH |
|
Washington State University Cougars batting - Pitching for Clemson University Tigers : RHP Luis Yanez
|
|
Batting: RHB Camillo Bonauiti
|
0-0: Ball 1-0: Ball 2-0: Ball 3-0: Called Strike 3-1: Called Strike 3-2: Fly out, F7 (Flyball, 7, EV 89.4 MPH)
|
|
Batting: RHB Luis Mendoza
|
0-0: Called Strike 0-1: Ball 1-1: Called Strike 1-2: Strikes out swinging
|
|
Batting: SHB Cedric Sweep
|
0-0: Ball 1-0: Foul Ball, location: 2F 1-1: Called Strike 1-2: Foul Ball, location: 2F 1-2: Ball 2-2: Strikes out swinging
|
| Bottom of the 4th over - 0 runs, 0 hits, 0 errors, 0 left on base; Clemson University 2 - Washington State University 4 |
| TOP OF THE 5TH |
|
Clemson University Tigers batting - Pitching for Washington State University Cougars : RHP Bayani Blanco
|
|
Batting: RHB Josh LeSage
|
0-0: Ball 1-0: Ball 2-0: Ground out 6-3 (Groundball, 6D, EV 103.8 MPH)
|
|
Pitching: RHP Willie Becerra
|
|
|
Batting: LHB Jayden Pelayo
|
0-0: Called Strike 0-1: Foul Ball, location: 2F 0-2: Strikes out swinging
|
|
Batting: RHB Chris Prinzing
|
0-0: Ball 1-0: Reached on error, E6 (Groundball, P, EV 83.8 MPH)
|
|
Batting: RHB Neal Perucci
|
0-0: Swinging Strike 0-1: Ball 1-1: Fly out, F8 (Flyball, 8LD, EV 86.9 MPH)
|
| Top of the 5th over - 0 runs, 0 hits, 1 error, 1 left on base; Clemson University 2 - Washington State University 4 |
| BOTTOM OF THE 5TH |
|
Washington State University Cougars batting - Pitching for Clemson University Tigers : RHP Luis Yanez
|
|
Batting: LHB Randolph Brodbeck
|
0-0: Ball 1-0: Foul Ball, location: 2F 1-1: Fly out, F9 (Flyball, 9D, EV 100.6 MPH)
|
|
Batting: RHB Rich Griffith
|
0-0: SINGLE (Groundball, 56S, EV 73.8 MPH) (infield hit)
|
|
Batting: RHB Jon Chatman
|
0-0: Ball 1-0: Called Strike 1-1: Fielders Choice at 2nd, 4-6 (Groundball, 34, EV 86.2 MPH)
|
|
Batting: RHB Miguel Pacheco
|
0-0: Foul Ball, location: 2F 0-1: Foul Ball, location: 2F 0-2: Ball Jon Chatman is caught stealing 2nd base 2-4
|
| Bottom of the 5th over - 0 runs, 1 hit, 0 errors, 0 left on base; Clemson University 2 - Washington State University 4 |
| TOP OF THE 6TH |
|
Clemson University Tigers batting - Pitching for Washington State University Cougars : RHP Willie Becerra
|
|
Batting: RHB Jason Duncan
|
0-0: Foul Ball, location: 2F 0-1: Fly out, F4 (Popup, 34D, EV 51.2 MPH)
|
|
Batting: RHB Omar Garce
|
0-0: Called Strike 0-1: Ball 1-1: Called Strike 1-2: Ball 2-2: Ball 3-2: Foul Ball, location: 2F 3-2: Ground out 6-3 (Groundball, 56, EV 93.8 MPH)
|
|
Batting: LHB John Rumbolt
|
0-0: DOUBLE (Line Drive, 7LD, EV 105.0 MPH)
|
|
Batting: RHB Donovan Deason
|
0-0: Called Strike 0-1: Ball 1-1: Swinging Strike 1-2: Fly out, F7 (Flyball, 7S, EV 73.8 MPH)
|
| Top of the 6th over - 0 runs, 1 hit, 0 errors, 1 left on base; Clemson University 2 - Washington State University 4 |
| BOTTOM OF THE 6TH |
|
Washington State University Cougars batting - Pitching for Clemson University Tigers : RHP Luis Yanez
|
|
Pitching: RHP Gustavo Carena
|
|
|
Batting: RHB Miguel Pacheco
|
0-0: Called Strike 0-1: Ball 1-1: Ball 2-1: Ground out U3 (Groundball, 34, EV 91.2 MPH)
|
|
Batting: RHB Noe Oliva
|
0-0: Foul Ball, location: 2F 0-1: Foul Ball, location: 2F 0-2: Ball 1-2: Ball 2-2: Strikes out swinging
|
|
Batting: RHB Wilson Salgado
|
0-0: Ball 1-0: Ground out 5-3 (Groundball, 56S, EV 85.0 MPH)
|
| Bottom of the 6th over - 0 runs, 0 hits, 0 errors, 0 left on base; Clemson University 2 - Washington State University 4 |
| TOP OF THE 7TH |
|
Clemson University Tigers batting - Pitching for Washington State University Cougars : RHP Willie Becerra
|
|
Batting: RHB Ryan Thurston
|
0-0: Ball 1-0: Foul Ball, location: 2F 1-1: Ground out 6-3 (Groundball, 6, EV 103.1 MPH)
|
|
Batting: RHB Josh LeSage
|
0-0: Swinging Strike 0-1: DOUBLE (Line Drive, 9LS, EV 103.8 MPH)
|
|
Batting: LHB Jayden Pelayo
|
0-0: Swinging Strike 0-1: Called Strike 0-2: Ball 1-2: Strikes out swinging
|
|
Batting: RHB Chris Prinzing
|
0-0: Ball 1-0: Ball 2-0: Ball 3-0: Base on Balls
|
|
Batting: RHB Neal Perucci
|
0-0: Ball 1-0: Foul Ball, location: 2F 1-1: Fly out, F6 (Popup, 6, EV 64.4 MPH)
|
| Top of the 7th over - 0 runs, 1 hit, 0 errors, 2 left on base; Clemson University 2 - Washington State University 4 |
| BOTTOM OF THE 7TH |
|
Washington State University Cougars batting - Pitching for Clemson University Tigers : RHP Gustavo Carena
|
|
Pitching: RHP Santos Gonzales
|
|
|
Batting: RHB Camillo Bonauiti
|
0-0: Called Strike 0-1: Called Strike 0-2: Strikes out swinging
|
|
Batting: RHB Luis Mendoza
|
0-0: Called Strike 0-1: Ball 1-1: Swinging Strike 1-2: Foul Ball, location: 2F 1-2: Strikes out looking
|
|
Batting: SHB Cedric Sweep
|
0-0: Called Strike 0-1: Ground out 4-3 (Groundball, 4, EV 95.6 MPH)
|
| Bottom of the 7th over - 0 runs, 0 hits, 0 errors, 0 left on base; Clemson University 2 - Washington State University 4 |
| TOP OF THE 8TH |
|
Clemson University Tigers batting - Pitching for Washington State University Cougars : RHP Willie Becerra
|
|
Pitching: LHP Chris Alexopoulos
|
|
|
Batting: RHB Jason Duncan
|
0-0: Foul Ball, location: 2F 0-1: Foul Ball, location: 2F 0-2: Ball 1-2: Foul Ball, location: 2F 1-2: Ball 2-2: Ball 3-2: Strikes out swinging
|
|
Batting: RHB Omar Garce
|
0-0: Ball 1-0: Ball 2-0: Ball 3-0: Called Strike 3-1: Base on Balls
|
|
Batting: LHB John Rumbolt
|
0-0: Fly out, F8 (Flyball, 8LS, EV 94.4 MPH)
|
|
Batting: RHB Donovan Deason
|
0-0: Called Strike 0-1: Fielders Choice at 2nd, 6-4 (Groundball, 6, EV 85.6 MPH)
|
| Top of the 8th over - 0 runs, 0 hits, 0 errors, 1 left on base; Clemson University 2 - Washington State University 4 |
| BOTTOM OF THE 8TH |
|
Washington State University Cougars batting - Pitching for Clemson University Tigers : RHP Santos Gonzales
|
|
Batting: LHB Randolph Brodbeck
|
0-0: Foul Ball, location: 2F 0-1: Fly out, F8 (Flyball, 8LM, EV 93.1 MPH)
|
|
Batting: RHB Rich Griffith
|
0-0: Ball 1-0: Ball 2-0: Ball 3-0: Base on Balls
|
|
Batting: RHB Jon Chatman
|
0-0: Ball 1-0: Fly out, F8 (Flyball, 8RXD, EV 89.4 MPH)
|
|
Batting: RHB Miguel Pacheco
|
0-0: Ball 1-0: Foul Ball, location: 2F 1-1: Ball 2-1: Swinging Strike 2-2: Ball 3-2: Strikes out swinging
|
| Bottom of the 8th over - 0 runs, 0 hits, 0 errors, 1 left on base; Clemson University 2 - Washington State University 4 |
| TOP OF THE 9TH |
|
Clemson University Tigers batting - Pitching for Washington State University Cougars : LHP Chris Alexopoulos
|
|
Pitching: LHP Travis Joyal
|
|
|
Pinch Hitting: LHB Victor Reyna
|
0-0: Foul Ball, location: 2F 0-1: Called Strike 0-2: Ball 1-2: Strikes out swinging
|
|
Batting: RHB Josh LeSage
|
0-0: Ball 1-0: Foul Ball, location: 2F 1-1: DOUBLE (Groundball, 5L, EV 110.0 MPH)
|
|
Batting: LHB Jayden Pelayo
|
0-0: Ball 1-0: Ball 2-0: Ball 3-0: Called Strike 3-1: Foul Ball, location: 2F 3-2: DOUBLE (Groundball, 3D, EV 102.5 MPH) Josh LeSage scores
|
|
Batting: RHB Chris Prinzing
|
0-0: Called Strike 0-1: Ball 1-1: Fly out, F8 (Flyball, 8LD, EV 103.8 MPH)
|
|
Pinch Hitting: RHB Juan Barela
|
0-0: Ball 1-0: Ball 2-0: Called Strike 2-1: Called Strike 2-2: Foul Ball, location: 2F 2-2: SINGLE (Line Drive, 34D, EV 108.1 MPH) Jayden Pelayo to third Runner from 3rd tries for Home, SAFE, throw by RF to home Juan Barela to second
|
|
Batting: RHB Jason Duncan
|
0-0: Intentional Walk
|
|
Batting: RHB Omar Garce
|
0-0: Called Strike 0-1: Ball 1-1: Fly out, F7 (Flyball, 7, EV 93.8 MPH)
|
| Top of the 9th over - 2 runs, 3 hits, 0 errors, 2 left on base; Clemson University 4 - Washington State University 4 |
| BOTTOM OF THE 9TH |
|
Washington State University Cougars batting - Pitching for Clemson University Tigers : RHP Santos Gonzales
|
|
Pitching: RHP Joachim Marot
|
|
|
Now at C: Wayne Watson
|
|
|
Now in LF: Victor Reyna
|
|
|
Now in CF: John Rumbolt
|
|
|
Batting: RHB Noe Oliva
|
0-0: Called Strike 0-1: Ball 1-1: Ball 2-1: Fly out, F9 (Flyball, 89S, EV 87.5 MPH)
|
|
Pinch Hitting: RHB David Snyder
|
0-0: Ball 1-0: Ground out 6-3 (Groundball, 6D, EV 106.2 MPH)
|
|
Batting: RHB Camillo Bonauiti
|
0-0: Called Strike 0-1: Ground out 4-3 (Groundball, 34, EV 88.1 MPH)
|
| Bottom of the 9th over - 0 runs, 0 hits, 0 errors, 0 left on base; Clemson University 4 - Washington State University 4 |
| TOP OF THE 10TH |
|
Clemson University Tigers batting - Pitching for Washington State University Cougars : LHP Travis Joyal
|
|
Pitching: RHP Dustin Hamblin
|
|
|
Now at SS: Eric Kent
|
|
|
Batting: LHB John Rumbolt
|
0-0: Ball 1-0: Called Strike 1-1: Ball 2-1: Foul Ball, location: 2F 2-2: Strikes out looking
|
|
Batting: RHB Donovan Deason
|
0-0: Ball 1-0: Called Strike 1-1: Ball 2-1: Reached on error, E5 (Groundball, 5L, EV 85.6 MPH)
|
|
Batting: LHB Victor Reyna
|
0-0: Ball 1-0: Swinging Strike 1-1: DOUBLE (Line Drive, 78D, EV 101.9 MPH) Donovan Deason scores
|
|
Batting: RHB Josh LeSage
|
0-0: Intentional Walk
|
|
Batting: LHB Jayden Pelayo
|
0-0: Ball 1-0: Called Strike 1-1: Ball 2-1: Ball 3-1: Fly out, F8 (Flyball, 8RD, EV 99.4 MPH)
|
|
Batting: RHB Chris Prinzing
|
0-0: Fly out, F8 (Line Drive, 78M, EV 96.2 MPH)
|
| Top of the 10th over - 1 run, 1 hit, 1 error, 2 left on base; Clemson University 5 - Washington State University 4 |
| BOTTOM OF THE 10TH |
|
Washington State University Cougars batting - Pitching for Clemson University Tigers : RHP Joachim Marot
|
|
Pitching: LHP Will West
|
|
|
Pinch Hitting: LHB Paul Mooris
|
0-0: Called Strike 0-1: Swinging Strike 0-2: Foul Ball, location: 2F 0-2: Ball 1-2: Ball 2-2: Foul Ball, location: 2F 2-2: Ground out 4-3 (Groundball, 4D, EV 105.6 MPH)
|
|
Batting: SHB Cedric Sweep
|
0-0: Foul Ball, location: 2F 0-1: Ground out 5-3 (Groundball, 56S, EV 72.5 MPH)
|
|
Pinch Hitting: LHB Tony Moore
|
0-0: Fly out, F8 (Line Drive, 89M, EV 98.1 MPH)
|
| Bottom of the 10th over - 0 runs, 0 hits, 0 errors, 0 left on base; Clemson University 5 - Washington State University 4 |
|